 Dungeon Crawl Stone Soup version 0.29.1 (webtiles) character file.

Game seed: 11329663083730005212

61 xian the Gusty (level 4, 0/24 HPs)
             Began as a Tengu Air Elementalist on Sept 15, 2022.
             Slain by an adder (2 damage)
             ... on level 3 of the Dungeon.
             The game lasted 00:04:33 (2360 turns).

xian the Gusty (Tengu Air Elementalist)             Turns: 2360, Time: 00:04:34

Health: 0/24       AC:  2    Str:  9    XL:     4   Next: 7%
Magic:  1/8        EV: 12    Int: 17    God:
Gold:   105        SH:  0    Dex: 14    Spells: 6/7 levels left

rFire   . . .      SeeInvis .   m - +2 short sword (venom)
rCold   . . .      Faith    .   (no shield)
rNeg    . . .      Spirit   .   a - +0 robe
rPois   .          Reflect  .   (helmet restricted)
rElec   .          Harm     .   (no cloak)
rCorr   .          Rampage  .   (no gloves)
Will    .....                   (boots unavailable)
Stlth   ++........              (no amulet)
HPRegen 0.08/turn               (no ring)
MPRegen 0.11/turn               (no ring)

@: lethally poisoned (0 -> -6)
A: beak, talons 3
a: no special abilities


You were on level 3 of the Dungeon.
You visited 1 branch of the dungeon, and saw 3 of its levels.

You collected 180 gold pieces.
You spent 75 gold pieces at shops.

Inventory:

Hand Weapons
 m - a +2 short sword of venom (weapon)
Armour
 a - a +0 robe (worn)
Scrolls
 e - 2 scrolls of poison {unknown}
 f - 4 scrolls of identify {unknown}
 g - a scroll of fog {unknown}
 h - 2 scrolls of vulnerability {unknown}
 i - 2 scrolls of enchant armour {unknown}
 j - a scroll of enchant weapon {unknown}
 k - 3 scrolls of acquirement {unknown}
 l - a scroll of blinking {unknown}
Potions
 b - 3 potions of magic
 c - a potion of invisibility {unknown}
 d - a potion of brilliance {unknown}
 n - a potion of curing {unknown}


   Skills:
 + Level 0.1 Fighting
 + Level 2.7 Dodging
 + Level 2.0 Stealth
 + Level 2.3 Spellcasting
 + Level 2.6 Conjurations
 + Level 5.0 Air Magic


You had 6 spell levels left.
You knew the following spells:

 Your Spells              Type           Power      Damage    Failure   Level
a - Shock                 Conj/Air       60%        1d6       3%          1

Your spell library contained the following spells:

 Spells                   Type           Power      Damage    Failure   Level
 Static Discharge         Conj/Air       15%        3-5/arc   6%          2
 Swiftness                Air            19%        N/A       7%          3
 Airstrike                Air            9%         2d(2-18)  24%         4


Dungeon Overview and Level Annotations

Branches:
Dungeon (3/15)

Altars:

Shops:
D:2 *


Innate Abilities, Weirdness & Mutations

You have a beak for a mouth.
You have claws for feet.


Message History

The adder is moderately wounded.
The adder completely misses you.
The zap misses the adder.
The adder bites you.
You are poisoned.
The adder poisons you! The ball python bites you. The ball python grabs you.
The ball python constricts you.
The zap hits the ball python.
The ball python is severely wounded.
You feel sick. The adder barely misses you. The ball python closely misses you.
The ball python constricts you.
The zap hits the ball python.
You kill the ball python!
You feel sick. The adder barely misses you. The adder misses you.
The zap hits the adder.
The adder is heavily wounded.
You feel sick. The adder completely misses you.
You feel sick.
You see here a ball python corpse.
A kobold comes into view. It is wielding a +0 dagger.
Found a scroll labelled TOKOF OBRO.
Found a stone staircase leading down.
You feel sick.
The kobold shouts!
The adder barely misses you.
You miss the adder. Your kick misses the adder. Your peck misses the adder.
The adder is heavily wounded.
You feel sick. The adder bites you.
You are more poisoned.
The adder poisons you!
You miss the adder. You peck the adder, but do no damage.
The adder is heavily wounded.
You feel sick. The adder bites you.
* * * LOW HITPOINT WARNING * * *
You are more poisoned.
The adder poisons you!
You closely miss the adder. Your kick misses the adder.
You peck the adder, but do no damage.
The adder is heavily wounded.
* * * LOW HITPOINT WARNING * * *
You feel sick. The adder bites you.
You die...

... ...
... #.#
### #.#
.... #.#
..... #<#
#...#S#
#...@#
##...#
#....
#......
?..?K#...
#.....
....
.......
###.#
.......
.>


You could see an adder and a kobold.

Vanquished Creatures
  An adder (D:2)
  A dart slug (D:1)
  5 ball pythons
  3 endoplasms
  A giant cockroach (D:2)
  3 goblins
  4 hobgoblins
  9 jackals
  2 quokkas (D:1)
  3 bats
  3 frilled lizards
  8 kobolds
  3 rats
46 creatures vanquished.

Notes
Turn   | Place    | Note
-------+----------+-------------------------------------------
     0 | D:1      | xian the Tengu Air Elementalist began the quest for the
                  | Orb.
     0 | D:1      | Reached XP level 1. HP: 10/10 MP: 4/4
   244 | D:1      | Reached XP level 2. HP: 15/15 MP: 3/6
   811 | D:1      | Reached XP level 3. HP: 17/19 MP: 3/7
  1562 | D:2      | Reached skill level 5 in Air Magic
  1680 | D:2      | Reached XP level 4. HP: 24/24 MP: 5/8
  1976 | D:2      | Found a faded altar of an unknown god.
  2016 | D:2      | Found Qacky's Assorted Antiques.
  2024 | D:2      | Bought a scroll labelled BIERRO WAIXTA for 25 gold pieces
  2024 | D:2      | Bought a scroll labelled ENTADO SIDIDIQ for 25 gold pieces
  2024 | D:2      | Bought a scroll labelled XAR PESUTHIULE for 25 gold pieces
  2360 | D:3      | Slain by an adder

Illustrated notes

Levels and vault maps discovered:
D:1:      erik_arrival_triangle_large, layout_basic
D:2:      layout_basic, serial_shops, shop,
          hellmonk_ecumenical_altar_prayer_group, serial_park_tiny_pond,
          grunt_ministairs_9, kennysheep_cross_bottleneck,
          dreamdust_princess_corridor, minmay_misc_feat_rugged,
          dreamdust_wishing_well, hangedman_abyss_or_decor_lesser_grid
D:3:      layout_rooms, general_overflow_altar, minitemple, dk_noncrumbling_2,
          serial_bayou_pond_d

Skill      XL: |  1  2  3 |
---------------+----------+-----
Conjurations   | 2 |  2.6
Air Magic      | 5 |  5.0
Fighting       | |  0.1
Dodging        | |  2.7
Stealth        | |  2.0
Spellcasting   | |  2.3

Action                   |  1- 3 |  4- 6 || total
-------------------------+-------+-------++-------
Melee: Dagger            |    13 |       ||    13
       Peck              |     2 |     2 ||     4
       Kick              |     2 |       ||     2
       Short sword       |       |     3 ||     3
 Cast: Shock             |    75 |    11 ||    86
Armor: Robe              |    12 |       ||    12
Dodge: Dodged            |    42 |     7 ||    49
